 Dungeon Crawl Stone Soup version 0.16-a0-4099-g0be755f (webtiles) character file.

1064 dithyrambik the Merchant of Misery (level 8, 0/52 HPs)
             Began as a Mummy Wizard on Feb 25, 2015.
             Was a Believer of Kikubaaqudgha.
             Slain by an orc warrior
             ... wielding a +0 trident
              (8 damage)
             ... on level 6 of the Dungeon.
             The game lasted 01:16:15 (7798 turns).

dithyrambik the Merchant of Misery (Mummy Wizard)   Turns: 7798, Time: 01:16:15

Health: 0/52       AC:  5    Str: 10    XL:     8   Next: 6%
Magic:  3/16       EV: 12    Int: 19    God:    Kikubaaqudgha [**....]
Gold:   289        SH:  0    Dex: 10    Spells: 6 memorised, 3 levels left

rFire  x . .     SeeInvis .     G - +0 halberd
rCold  + . .     Clarity  .     a - +0 robe
rNeg   + + +     SustAb   .     (no shield)
rPois  ∞         Gourm    .     F - +0 helmet
rElec  .         Spirit   .     (no cloak)
rCorr  .         Warding  .     g - +0 pair of gloves {archery}
rMut   .         Stasis   .     d - +0 pair of boots
MR     +....                    i - amulet of regeneration
Stlth  ++........               (no ring)
                                (no ring)

@: very slightly contaminated, somewhat resistant to hostile enchantments,
unstealthy
A: no food or potions, fire vulnerability, restore body, cold resistance 1,
negative energy resistance 3, poison resistance, torment resistance, unbreathing
a: Receive Corpses, Renounce Religion


You were on level 6 of the Dungeon.
You worshipped Kikubaaqudgha.
Kikubaaqudgha was pleased with you.
You were not hungry.

You visited 1 branch of the dungeon, and saw 6 of its levels.

You collected 289 gold pieces.

Inventory:

Hand weapons
 e - a +0 dagger
 m - a +1 short sword of protection
 s - a +0 dagger of venom
 t - a +0 hunting sling
 u - a +0 spear
 y - a +2 vampiric dagger
 C - a +0 scythe
 E - a +0 falchion
 G - a +0 halberd (weapon)
Missiles
 f - 32 stones (quivered)
 h - 8 sling bullets
 n - 9 sling bullets of flame
 p - 8 poisoned needles
Armour
 a - a +0 robe (worn)
 b - a +0 hat
 d - a +0 pair of boots (worn)
 g - a +0 pair of gloves of archery (worn)
 j - a +0 leather armour
 k - a +0 pair of gloves
 w - a +0 shield
 F - a +0 helmet (worn)
Jewellery
 i - an amulet of regeneration (around neck)
 v - an uncursed amulet of resist mutation
 z - an uncursed amulet of guardian spirit
Magical devices
 x - a wand of enslavement (17)
Scrolls
 l - a scroll of blinking
 o - a scroll of amnesia
 q - 3 scrolls of remove curse
 r - a scroll of magic mapping
 A - 2 scrolls of enchant weapon
 D - 2 scrolls of teleportation {unknown}
 H - a scroll of noise {unknown}
 J - a scroll of immolation {unknown}
 K - 2 scrolls of fear {unknown}
Books
 c - a book of Minor Magic

   Spells                             Type                      Level
   a - Magic Dart                     Conjuration                  1
   b - Blink                          Translocation                2
   c - Call Imp                       Summoning                    2
   d - Repel Missiles                 Charms/Air                   2
   e - Slow                           Hexes                        2
   f - Conjure Flame                  Conjuration/Fire             3
   g - Mephitic Cloud                 Conjuration/Poison/Air       3
 B - Kikubaaqudgha's Compendium of Sinister Rituals
   (Kikubaaqudgha gifted it to you on level 4 of the Dungeon)

   Spells                             Type                      Level
   a - Animate Skeleton               Necromancy                   1
   b - Pain                           Necromancy                   1
   c - Corpse Rot                     Necromancy                   2
   d - Vampiric Draining              Necromancy                   3
   e - Control Undead                 Necromancy                   4


   Skills:
 - Level 0.1 Short Blades
 + Level 1.6 Polearms
 - Level 2.0 Slings
 - Level 1.5 Dodging
 - Level 1.5 Stealth
 - Level 3.0 Spellcasting
 + Level 3.5 Conjurations
 - Level 2.0 Summonings
 * Level 5.2 Necromancy
 - Level 0.7 Translocations
 - Level 2.6 Air Magic
 - Level 2.0 Poison Magic


You had 3 spell levels left.
You knew the following spells:

 Your Spells              Type           Power        Failure   Level  Hunger
a - Magic Dart            Conj           ###.         4%          1    N/A
b - Call Imp              Summ           ##......     12%         2    N/A
c - Blink                 Tloc           N/A          21%         2    N/A
d - Mephitic Cloud        Conj/Pois/Air  ##......     17%         3    N/A
e - Animate Skeleton      Necr           N/A          1%          1    N/A
f - Pain                  Necr           ###.         1%          1    N/A

Dungeon Overview and Level Annotations

Branches:
Dungeon (6/15)             Temple (0/1) D:4

Altars:
Ashenzari
Dithmenos
Gozag
Kikubaaqudgha
Vehumet
Zin


Innate Abilities, Weirdness & Mutations

You do not eat or drink.
Your flesh is vulnerable to fire.
Your flesh is cold resistant.
You are immune to negative energy.
Your system is resistant to poisons.
You are immune to unholy pain and torment.
You can survive without breathing.


Message History

Your crimson imp dies!
The orc warrior shouts!
Attack whom?
Press: ? - help, Dir - move target cursor, f/p - orc warrior
Aim: an orc warrior, wielding a trident and wearing a plate armour (severely wounded)
You reach to attack!
You hit the orc warrior but do no damage.
The orc warrior is severely wounded.
The orc warrior hits you from afar with a trident.
Attack whom?
Press: ? - help, Dir - move target cursor, f/p - orc warrior
Aim: an orc warrior, wielding a trident and wearing a plate armour (severely wounded)
You reach to attack!
You barely miss the orc warrior.
The orc warrior is severely wounded.
The orc warrior hits you from afar with a trident!!
* * * LOW HITPOINT WARNING * * *
There is a stone staircase leading up here.
The orc warrior hits you from afar with a trident!
You die...
Kikubaaqudgha rasps: "You have failed me!
Welcome... oblivion!"

#..[........##.###.....
##........!............
##...#...#####........
####..### #....<...
#.## #........ ###.###
#........ #..o..#
#........ #.....#
#...##### #..@..# #####
#######


You could see an orc warrior.

Vanquished Creatures
  A phantom (D:4)
  An ogre (D:4)
  A jelly (D:5)
  2 scorpions
  A goliath beetle (D:5)
  A crimson imp (D:5)
  A hound (D:4)
  An orc wizard (D:2)
  A gnoll (D:5)
  A river rat (D:5)
  A giant mite (D:5)
  5 adders
  A shadow imp (D:6)
  A worm (D:3)
  An adder skeleton (D:4)
  3 giant geckos
  4 oozes
  3 orcs
  4 bats
  A bat skeleton (D:5)
  2 bat zombies (D:5)
  2 giant cockroaches (D:3)
  10 hobgoblins
  14 jackals
  2 quokkas
  A ball python (D:2)
  4 giant newts
  13 goblins
  9 kobolds
  2 quokka skeletons
  6 rats
100 creatures vanquished.

Vanquished Creatures (collateral kills)
  Eustachio (D:5)
  3 ogres
  A centaur (D:5)
  Sigmund (D:4)
  A crimson imp (D:5)
  A quasit (D:5)
  2 orc priests (D:5)
  An orc wizard (D:5)
  2 worker ants
  2 centaur skeletons
  A giant frog skeleton (D:6)
  An iguana (D:5)
  A hound skeleton (D:4)
  A worker ant zombie (D:4)
  3 gnolls (D:5)
  2 adders
  A worm (D:3)
  5 orcs
  A bat (D:5)
  A goblin (D:5)
  2 hobgoblins
  3 kobolds
  A quokka (D:5)
  A jackal (D:4)
  A rat (D:5)
40 creatures vanquished.

Vanquished Creatures (others)
  17 crimson imps
  2 iron imps
  A centaur skeleton (D:5)
  An ogre skeleton (D:5)
  2 shadow imps
  8 white imps
  An adder skeleton (D:5)
  2 bat skeletons (D:5)
  A giant gecko skeleton (D:6)
  A giant newt skeleton (D:6)
  2 gnoll skeletons (D:5)
  3 goblin skeletons
  A hobgoblin skeleton (D:5)
  3 jackal skeletons (D:4)
  3 kobold skeletons
  2 orc skeletons (D:6)
50 creatures vanquished.

Grand Total: 190 creatures vanquished

Notes
Turn   | Place    | Note
--------------------------------------------------------------
     0 | D:1      | dithyrambik, the Mummy Wizard, began the quest for the Orb.
     0 | D:1      | Reached XP level 1. HP: 13/13 MP: 4/4
   142 | D:1      | Reached skill level 1 in Conjurations
   431 | D:1      | Reached XP level 2. HP: 19/19 MP: 3/6
   435 | D:1      | Learned a level 2 spell: Call Imp
   438 | D:1      | Learned a level 2 spell: Blink
  1067 | D:2      | Reached skill level 1 in Summonings
  1101 | D:2      | Found a shattered altar of Ashenzari.
  1154 | D:2      | Reached XP level 3. HP: 24/24 MP: 3/7
  1556 | D:2      | Reached XP level 4. HP: 30/30 MP: 0/9
  1634 | D:2      | Learned a level 3 spell: Mephitic Cloud
  2007 | D:2      | Found an ancient bone altar of Kikubaaqudgha.
  2014 | D:2      | Became a worshipper of Kikubaaqudgha
  2293 | D:3      | Found an opulent altar of Gozag.
  2418 | D:3      | Found a glowing silver altar of Zin.
  2770 | D:3      | Reached skill level 1 in Poison Magic
  3281 | D:3      | Reached XP level 5. HP: 35/35 MP: 9/11
  3419 | D:4      | Reached skill level 1 in Polearms
  3486 | D:4      | Acquired Kikubaaqudgha's first power
  3486 | D:4      | Received a gift from Kikubaaqudgha
  3487 | D:4      | Identified Kikubaaqudgha's Compendium of Sinister Rituals (Kikubaaqudgha gifted it to you on level 4 of the Dungeon)
  3492 | D:4      | Learned a level 1 spell: Animate Skeleton
  3609 | D:4      | Noticed Sigmund
  3622 | D:4      | Reached skill level 1 in Air Magic
  3866 | D:4      | Noticed a phantom
  3996 | D:4      | Killed a phantom
  3996 | D:4      | Reached skill level 1 in Necromancy
  3996 | D:4      | Reached XP level 6. HP: 41/41 MP: 1/12
  4481 | D:4      | Killed Sigmund
  4570 | D:4      | Found a radiant altar of Vehumet.
  4680 | D:4      | Found a staircase to the Ecumenical Temple.
  4896 | D:5      | Entered Level 5 of the Dungeon
  4904 | D:5      | Noticed Eustachio
  5058 | D:5      | Learned a level 1 spell: Pain
  5427 | D:5      | Found a shadowy altar of Dithmenos.
  5478 | D:5      | Acquired Kikubaaqudgha's second power
  5496 | D:5      | Reached XP level 7. HP: 23/46 MP: 3/14
  5642 | D:5      | Reached skill level 1 in Slings
  6047 | D:5      | Killed Eustachio
  6178 | D:5      | Reached skill level 4 in Necromancy
  7320 | D:6      | Reached skill level 5 in Necromancy
  7320 | D:6      | Reached XP level 8. HP: 35/52 MP: 8/16
  7798 | D:6      | Slain by an orc warrior

Action                   |  1- 3 |  4- 6 |  7- 9 || total
-------------------------+-------+-------+-------++-------
Melee: Dagger            |    38 |     1 |       ||    39
       Unarmed           |     1 |       |       ||     1
       Short sword       |    31 |   165 |     5 ||   201
       Halberd           |       |       |    41 ||    41
 Fire: Hunting sling     |       |     5 |     5 ||    10
 Cast: Magic Dart        |    57 |    44 |    34 ||   135
       Call Imp          |       |    57 |    49 ||   106
       Animate Skeleton  |       |     9 |    17 ||    26
       Mephitic Cloud    |       |     4 |     2 ||     6
       Pain              |       |     1 |    12 ||    13
Invok: Receive Corpses   |       |       |     2 ||     2
  Use: Scroll            |     3 |     2 |     1 ||     6
 Stab: Distracted        |       |     1 |     1 ||     2
       Confused          |       |     1 |       ||     1
